 Dungeon Crawl Stone Soup version 0.31-a0-819-gf6de2f5ab6 (webtiles) character file.

Game seed: 7644865678454384375

19 Skeletony the Cudgeller (level 2, 0/10 (26) HPs)
             Began as a Gnoll Reaver on Sept 24, 2023.
             Slain by an adder (1 damage)
             ... on level 2 of the Dungeon.
             The game lasted 00:03:11 (944 turns).

Skeletony the Cudgeller (Gnoll Reaver)               Turns: 944, Time: 00:03:12

HP:   0/10 (26)     AC:  3    Str: 11    XL:     2   Next: 75%
MP:   7/7           EV: 12    Int: 12    God:
Gold: 65            SH:  0    Dex: 10    Spells: 9/10 levels left

rFire   . . .        c - staff of death
rCold   . . .        (no shield)
rNeg    + . .        b - +0 leather armour
rPois   .            (no helmet)
rElec   .            (no cloak)
rCorr   .            (no gloves)
SInv    .            (no boots)
Will    .....        (no amulet)
Stlth   +            (no ring)
HPRegen 0.21/turn    (no ring)
MPRegen 0.10/turn

%: no passive effects
@: extremely drained
A: fangs 1, strong nose, distributed training
a: no special abilities


You were on level 2 of the Dungeon.
You visited 1 branch of the dungeon, and saw 2 of its levels.

You collected 65 gold pieces.

Inventory:

Hand Weapons
 a - a +0 mace
Armour
 b - a +0 leather armour (worn)
 d - a +0 robe
 e - a +0 pair of boots
Magical Staves
 c - a staff of death (weapon)
Scrolls
 g - a scroll of enchant weapon {unknown}
Potions
 f - a potion of magic {unknown}
 h - a potion of haste {unknown}


   Skills:
 + Level 4.5 Fighting
 + Level 0.5 Short Blades
 + Level 0.5 Long Blades
 + Level 0.5 Axes
 + Level 6.5 Maces & Flails
 + Level 0.5 Polearms
 + Level 0.5 Staves
 + Level 0.5 Ranged Weapons
 + Level 0.5 Throwing
 + Level 0.5 Armour
 + Level 4.5 Dodging
 + Level 0.5 Stealth
 + Level 0.5 Shields
 + Level 0.5 Unarmed Combat
 + Level 4.9 Spellcasting
 + Level 5.3 Conjurations
 + Level 0.3 Hexes
 + Level 0.3 Summonings
 + Level 0.3 Necromancy
 + Level 0.3 Translocations
 + Level 0.3 Transmutations
 + Level 0.3 Fire Magic
 + Level 0.3 Ice Magic
 + Level 0.3 Air Magic
 + Level 0.3 Earth Magic
 + Level 0.3 Poison Magic
 + Level 0.6 Invocations
 + Level 0.5 Evocations
 + Level 0.4 Shapeshifting


You had 9 spell levels left.
You knew the following spells:

 Your Spells              Type           Power      Damage    Failure   Level
a - Kiss of Death         Conj/Necr      56%        2d9       9%          1

Your spell library contained the following spells:

 Spells                   Type           Power      Damage    Failure   Level
 Momentum Strike          Conj/Tloc      18%        3d8       12%         2
 Hailstorm                Conj/Ice       9%         3d4       24%         3


Dungeon Overview and Level Annotations

Branches:
Dungeon (2/15)

Altars:


Innate Abilities, Weirdness & Mutations

You have very sharp teeth.
Your uncanny sense of smell can sniff out nearby items.
Your experience applies equally to all skills.


Message History

Found a robe.
You see here a +0 robe.
An adder comes into view.
Found a grey potion.
The adder hisses angrily.
Found 16 gold pieces.
The adder barely misses you.
You hit the adder.
The adder is moderately wounded.
The adder barely misses you.
You closely miss the adder. Your bite misses the adder.
The adder is moderately wounded.
The adder bites you.
You are poisoned.
The adder poisons you! The adder closely misses you.
You barely miss the adder. Your bite misses the adder.
The adder is moderately wounded.
You feel sick. The adder misses you.
You barely miss the adder.
The adder is moderately wounded.
You feel sick. The adder misses you. The adder bites you.
You barely miss the adder.
The adder is moderately wounded.
You feel sick. The adder misses you.
You closely miss the adder.
The adder is moderately wounded.
* * * LOW HITPOINT WARNING * * *
You feel sick. The adder closely misses you. The adder completely misses you.
You hit the adder.
The adder is heavily wounded.
You feel sick.
You are no longer poisoned.
The adder bites you.
* * * LOW HITPOINT WARNING * * *
You hit the adder.
The adder is severely wounded.
The adder bites you but does no damage. The adder misses you.
You hit the adder but do no damage.
The adder is severely wounded.
The adder barely misses you. The adder bites you.
You die...

##
#####...# ∆
#.@S....#
##.###.....
#...### ..$
#.#..[.# .
##.#.#.#
##.##.#
####.#
..#.# #.#.#


You could see an adder.

Vanquished Creatures
  A dart slug (D:1)
  A ball python (D:1)
  2 endoplasms (D:1)
  A goblin (D:1)
  4 hobgoblins (D:1)
  2 bats (D:1)
  3 kobolds (D:1)
  A rat (D:1)
15 creatures vanquished.

Notes
Turn   | Place    | Note
-------+----------+-------------------------------------------
     0 | D:1      | Skeletony the Gnoll Reaver began the quest for the Orb.
     0 | D:1      | Reached XP level 1. HP: 20/20 MP: 6/6
   215 | D:1      | Reached XP level 2. HP: 21/26 MP: 7/7
   944 | D:2      | Slain by an adder

Illustrated notes

Levels and vault maps discovered:
D:1:      psy_arrival_fountain, layout_basic
D:2:      minmay_diamond_boxcup, layout_loops_cross, serial_shops, shop,
          hellmonk_ecumenical_altar_inner_sanctum

Action                     || total
---------------------------++-------
  Melee: Staff             ||    66
         Bite              ||     5
   Cast: Kiss of Death     ||     4
 Armour: Leather armour    ||    38
  Dodge: Dodged            ||    62

Table legend: (Time is in decaauts)
 A = Elapsed time spent in this place.
 B = Non-inter-level travel time spent in this place.
 C = Inter-level travel time spent in this place.
 D = Time resting spent in this place.
 E = Time spent auto-exploring this place.
 F = Levels seen in this place.
 G = Mean time per level.
                   A        B        C        D        E       F      G
               +--------+--------+--------+--------+--------+-----+--------+
         Total |    955 |    955 |      0 |     33 |    382 |   2 |  477.5 |
       Dungeon |    955 |    955 |      0 |     33 |    382 |   2 |  477.5 |
               +--------+--------+--------+--------+--------+-----+--------+

Top non-repeatable levels by time:
     D:1: 918 daAuts
     D:2: 37 daAuts
